AoeStats
← Avatar

Arabian Desert

509350359Analyzed
1v1 RM · 5d ago on Sep 26, 2026· 47m 42s· 2 players
Game mode
Random Map
Map size
Tiny (2 player)
Population
200
Speed
Normal
Resources
Standard
Victory
Conquest
Starting age
Dark Age
Ending age
Imperial Age
RankedLock teamsTeams togetherTeam positionsShared explorationLock speedFull tech treeHidden civsTurbo modeCheats
Victory
Defeat
🇨🇭 Huns · Switzerland
596
+18
🇿🇦 Khmer · South Africa
633
-18
Avatar
8:55 Loom
10:58 Feudal Age
11:36 Double-Bit Axe
11:33 Horse Collar
13:02 Wheelbarrow
18:01 Gold Mining
18:02 Stone Mining
21:30 Castle Age
22:51 Hand Cart
22:23 Town Watch
23:38 Heavy Plow
23:49 Bow Saw
26:09 Town Patrol
26:55 Gold Shaft Mining
28:15 Scale Barding Armor
28:21 Forging
29:21 Husbandry
36:28 Chain Barding Armor
36:44 Iron Casting
38:54 Marauders
42:42 Imperial Age
44:04 Plate Barding Armor
44:30 Blast Furnace
46:31 Elite Tarkan
CREEM TEAM9155
11:24 Feudal Age
10:08 Loom
11:57 Double-Bit Axe
14:59 Fletching
21:28 Castle Age
20:20 Horse Collar
21:17 Scale Barding Armor
21:48 Stone Mining
21:51 Gold Mining
23:27 Bloodlines
23:19 Husbandry
22:40 Light Cavalry
23:56 Bodkin Arrow
26:31 Bow Saw
26:27 Pikeman
27:14 Scale Mail Armor
29:53 Forging
41:50 Stone Shaft Mining
41:51 Gold Shaft Mining
42:17 Chain Barding Armor
45:46 Fortified Wall
Connection lost

Rejoining the realm…

Still unreachable

The connection could not be restored.

Session expired

The server has moved on; the page needs a fresh start.